 Dungeon Crawl Stone Soup version 0.31-a0-216-g22e908daa7 (webtiles) character file.

Game seed: 8029101810002628713

98 qw the Chopper (level 4, -2/28 HPs)
             Began as a Gargoyle Fighter on July 2, 2023.
             Slain by Grinder (5 damage)
             ... on level 3 of the Dungeon.
             The game lasted 00:01:00 (2100 turns).

qw the Chopper (Gargoyle Fighter)                   Turns: 2100, Time: 00:01:01

Health: -2/28      AC: 15    Str: 20 (21) XL:     4   Next: 69%
Magic:  4/4        EV:  5    Int:  6 (9)  God:
Gold:   117        SH:  4    Dex:  7 (9)  Spells: 3/3 levels left

rFire   . . .        Y - +0 war axe
rCold   . . .        c - +0 buckler
rNeg    + . .        j - +0 plate armour
rPois   inf          (no helmet)
rElec   +            (no cloak)
rCorr   .            (no gloves)
SInv    .            (no boots)
Will    .....        (no amulet) Stlth
                     (no ring)
HPRegen 0.24/turn    (no ring)
MPRegen 0.09/turn

%: no passive effects
@: no status effects
A: sickness immunity, AC +3, negative energy resistance 1, electricity
resistance, torment resistance 1, petrification resistance
a: no special abilities


You were on level 3 of the Dungeon.
You visited 1 branch of the dungeon, and saw 3 of its levels.

You collected 157 gold pieces.
You spent 40 gold pieces at shops.


Innate Abilities, Weirdness & Mutations

You are immune to sickness and miasma.
Your stone body is resilient. (AC +3)
You are immune to poison.
You resist negative energy. (rN+)
You are resistant to electric shocks. (rElec)
You are resistant to unholy torment.
You are immune to petrification.


   Skills:
 - Level 3.2 Fighting
 + Level 4.3 Axes
 - Level 3.2 Armour
 - Level 3.2 Shields


You had 3 spell levels left.
You didn't know any spells.
Your spell library was empty.

Inventory:

Hand Weapons
 f - a +0 mace
 Y - a +0 war axe (weapon)
Armour
 c - a +0 buckler (worn)
 e - the +0 pair of gloves of an ice cave {rN+}
   (You acquired it on level 1 of the Dungeon)

   rN:        It protects you from negative energy.
 j - a +0 plate armour (worn)
 p - a +2 helmet
Scrolls
 g - 2 scrolls of identify
Potions
 a - a potion of resistance {unknown}
 b - a potion of mutation {unknown}
 d - a potion of might
 i - a potion of haste
 k - a potion of enlightenment
 m - a potion of brilliance {unknown}
 n - a potion of curing {unknown}

Dungeon Overview and Level Annotations

Branches:
Dungeon (3/15)

Altars:
Cheibriados
Dithmenos
Gozag

Shops:
D:1 ([(*

Annotations:
D:2 Sigmund
D:3 Grinder


Message History

You closely miss Grinder.
Grinder is moderately wounded.
Grinder barely misses you.
You hit Grinder.
Grinder is moderately wounded.
Grinder blinks!
Enter note:
Enter note:
Enter note:
Enter note: Grinder blinks!
Enter note:
Enter note:
Enter note:
Enter note: Grinder hits you.
You writhe in agony.
Enter note:
Enter note:
Enter note:
Enter note: You hit Grinder.
Grinder is moderately wounded.
Grinder gestures at you.
You barely resist. You slash Grinder!
Grinder is heavily wounded.
Grinder gestures at you.
You barely resist. You completely miss Grinder.
Grinder is heavily wounded.
Grinder gestures at you. Pain shoots through your body! Grinder hits you.
You writhe in agony.
You closely miss Grinder.
Grinder is heavily wounded.
Grinder gestures at you. Pain shoots through your body!
You barely miss Grinder.
Grinder is heavily wounded.
Grinder hits you.
You die...

.. ....#.#.## #.# ...
#.....## #.#.# #.#
...##.....# #.#.# ##.#
... ....#.....## #.#.#
#... ....
..........####.#.# #...
....###...............#
#...
......................#
#...
...........5.......#..#
#...
...........@......##..#
#...
.................###..#
#... ................##
#..# #...
....###........## #..#
#... ...........)..##
#..###...
.............##
#........
............##
#........ ...........##
.#...... ....#####.##
....###.#


You could see Grinder.

Vanquished Creatures
  A scorpion (D:2)
  A dart slug (D:1)
  An orc (D:3)
  4 endoplasms
  2 giant cockroaches
  2 goblins (D:2)
  A hobgoblin (D:2)
  4 jackals (D:1)
  7 ball pythons
  3 bats
  A frilled lizard (D:2)
  4 kobolds (D:2)
  4 rats
35 creatures vanquished.

Notes
Turn   | Place    | Note
-------+----------+-------------------------------------------
     0 | D:1      | qw the Gargoyle Fighter began the quest for the Orb.
     0 | D:1      | Reached XP level 1. HP: 14/14 MP: 1/1
     0 | D:1      | 0 ||| qw: Version: 0.3-a-39-g4513739
     0 | D:1      | 0 ||| qw: Game counter: 7894
     0 | D:1      | 0 ||| qw: Melee chars always use a shield: true
     0 | D:1      | 0 ||| qw: God list: Okawaru
     0 | D:1      | 0 ||| qw: Allow faded altars: false
     0 | D:1      | 0 ||| qw: Do Orc after clearing Dungeon:15 true
     0 | D:1      | 0 ||| qw: Do second Lair branch before Depths: true
     0 | D:1      | 0 ||| qw: Lair rune preference: random
     0 | D:1      | 0 ||| qw: Goals: Normal, Zot:1-4, Slime:5, God:TSO, Crypt,
                  | Tomb, Abyss, Pan, Hells, Win
     0 | D:1      | 0 ||| PLANNING D:1-11
    28 | D:1      | Found Uti Nesmae's Antique Weapon Shop.
    48 | D:1      | Reached skill level 2 in Axes
    68 | D:1      | 68 ||| Stepping ~*~*~tactically~*~*~ (stealth).
    71 | D:1      | 71 ||| Stepping ~*~*~tactically~*~*~ (stealth).
    76 | D:1      | Reached XP level 2. HP: 18/19 MP: 2/2
   167 | D:1      | Found Hupiesych's Weapon Boutique.
   174 | D:1      | 174 ||| BUYING +0 club (13 gold).
   174 | D:1      | Bought a +0 club for 13 gold pieces
   174 | D:1      | 174 ||| SHOPLISTING +0 mace (39 gold, have 8).
   273 | D:1      | Found Qutef's Assorted Antiques.
   295 | D:1      | 295 ||| SHOPLISTING flail (94 gold, have 31).
   295 | D:1      | 295 ||| SHOPLISTING glowing plate armour (702 gold, have
                  | 31).
   295 | D:1      | 295 ||| SHOPLISTING runed leather armour (135 gold, have
                  | 31).
   295 | D:1      | 295 ||| BUYING scroll labelled VUISAIRPHAGU (27 gold).
   295 | D:1      | Bought a scroll labelled VUISAIRPHAGU for 27 gold pieces
   295 | D:1      | 295 ||| SHOPLISTING scroll labelled ZEPROCUMUR (27 gold,
                  | have 4).
   295 | D:1      | 295 ||| SHOPLISTING sedimented red potion (24 gold, have
                  | 4).
   295 | D:1      | 295 ||| SHOPLISTING shiny helmet (202 gold, have 4).
   429 | D:1      | Found Kuhisi's Antique Armour Boutique.
   479 | D:1      | Found Fykkegu's Antique Armour Shoppe.
   487 | D:1      | 487 ||| SHOPLISTING smoking chain mail (228 gold, have 42).
   775 | D:1      | 775 ||| READING 2 scrolls labelled KOEMU ATUSAHUH.
   776 | D:1      | 776 ||| READING 2 scrolls labelled MELUZOMIXE.
   777 | D:1      | 777 ||| READING scroll labelled VUISAIRPHAGU.
   777 | D:1      | 777 ||| ACQUIRING +0 pair of gloves of an ice cave {rN+}
   777 | D:1      | Acquired the +0 pair of gloves of an ice cave {rN+}
   779 | D:1      | 779 ||| READING scroll labelled NUYQAL OCICUL.
   780 | D:1      | 780 ||| READING 3 scrolls labelled COYROQ KAWATO.
   783 | D:1      | 783 ||| DROPPING scroll of fear.
   880 | D:2      | Noticed a scorpion
   889 | D:2      | Killed a scorpion
   890 | D:2      | Reached skill level 4 in Axes
   890 | D:2      | Reached XP level 3. HP: 23/23 MP: 3/3
   890 | D:2      | Reached XP level 4. HP: 28/28 MP: 4/4
  1031 | D:2      | Noticed Sigmund
  1044 | D:2      | HP: 6/28 [Sigmund/+0 scythe (8)]
  1045 | D:2      | 1045 ||| READING 2 scrolls of teleportation.
  1046 | D:2      | HP: 2/28 [something (4)]
  1167 | D:2      | 1167 ||| Stepping ~*~*~tactically~*~*~ (stealth).
  1201 | D:2      | Found a snail-covered altar of Cheibriados.
  1211 | D:2      | 1211 ||| Stepping ~*~*~tactically~*~*~ (stealth).
  1212 | D:2      | 1212 ||| Stepping ~*~*~tactically~*~*~ (stealth).
  1462 | D:2      | 1462 ||| Stepping ~*~*~tactically~*~*~ (stealth).
  1463 | D:2      | 1463 ||| Stepping ~*~*~tactically~*~*~ (stealth).
  1503 | D:2      | 1503 ||| Stepping ~*~*~tactically~*~*~ (stealth).
  1614 | D:2      | 1614 ||| DROPPING +0 club.
  1661 | D:2      | 1661 ||| UPGRADING to +0 plate armour.
  1671 | D:2      | 1671 ||| DROPPING +0 scale mail.
  1672 | D:2      | 1672 ||| READING 3 scrolls labelled ZEPROCUMUR.
  1673 | D:2      | 1673 ||| READING 3 scrolls labelled DES KUXZUC.
  1674 | D:2      | 1674 ||| READING scroll labelled ITOATIGOBB.
  1675 | D:2      | 1675 ||| READING scroll labelled QEONGE LUTZI.
  1776 | D:2      | 1776 ||| DRINKING 3 sedimented red potions.
  1777 | D:2      | 1777 ||| DRINKING 2 sedimented sapphire potions.
  1778 | D:2      | 1778 ||| READING 2 scrolls of identify.
  1778 | D:2      | 1778 ||| IDENTIFYING puce potion
  1779 | D:2      | 1779 ||| DROPPING 2 scrolls of poison.
  1780 | D:2      | 1780 ||| DROPPING 2 potions of degeneration.
  1781 | D:2      | 1781 ||| DROPPING 2 scrolls of revelation.
  1837 | D:2      | HP: 6/28 [Sigmund/+0 scythe (5)]
  1838 | D:2      | 1838 ||| READING scroll of teleportation.
  1944 | D:3      | Found a shadowy altar of Dithmenos.
  1967 | D:3      | Found an opulent altar of Gozag.
  2015 | D:3      | 2015 ||| DROPPING +0 whip.
  2078 | D:3      | Noticed Grinder
  2098 | D:3      | HP: 7/28 [Grinder (2)]
  2099 | D:3      | HP: 3/28 [Grinder/nerve-wracking pain (1)]
  2100 | D:3      | Slain by Grinder

Levels and vault maps discovered:
D:1:      minmay_arrival_four_circles, layout_basic, serial_shops, shop, shop,
          nicolae_diamond_shop, nicolae_shop_window_shopping, shop,
          minmay_misc_feat_doors
D:2:      layout_basic, basic_altar, grunt_ministairs_2, uniq_sigmund
D:3:      layout_basic, dreamdust_divine_triumvirate,
          grunt_temple_overflow_open, minivault_11, uniq_grinder

Skill      XL: |  1  2 |
---------------+-------+-----
Axes           | 2 4 |  4.3
Fighting       | |  3.2
Armour         | |  3.2
Shields        | |  3.2

Action                     |  1- 3 |  4- 6 || total
---------------------------+-------+-------++-------
  Melee: War axe           |    48 |    79 ||   127
    Use: Scroll            |     5 |     7 ||    12
         Potion            |       |     2 ||     2
 Armour: Scale mail        |    32 |     8 ||    40
         Plate armour      |       |    31 ||    31
  Dodge: Dodged            |    31 |    14 ||    45
  Block: Buckler           |     9 |    10 ||    19

Table legend:
 A = Non-vault XP
 B = Vault XP
 C = Vault XP percentage of total XP
 D = Non-vault monster count
 E = Vault monster count
 F = Vault count percentage of total count
                 A         B        C        D         E       F
            +---------+---------+-------+---------+---------+-------
      Total |     137 |       3 |   2.1 |      33 |       2 |   5.7
            +---------+---------+-------+---------+---------+-------
        D:1 |      24 |       0 |   0.0 |      14 |       0 |   0.0
        D:2 |     103 |       3 |   2.8 |      14 |       2 |  12.5
        D:3 |      10 |       0 |   0.0 |       5 |       0 |   0.0
            +---------+---------+-------+---------+---------+-------
